 Dungeon Crawl Stone Soup version 0.30.1-9-gdf580d7c3d (webtiles) character file.

Game seed: 9078635483306241813

112770 lordvenom1 the Bludgeoner (level 16, -5/162 HPs)
             Began as a Minotaur Fighter on Oct 23, 2023.
             Was the Champion of Okawaru.
             Slain by a spark wasp (11 damage)
             ... on level 4 of the Spider Nest.
             The game lasted 01:38:21 (22412 turns).

lordvenom1 the Bludgeoner (Minotaur Fighter)       Turns: 22412, Time: 01:38:25

Health: -5/162     AC: 25    Str: 33    XL:     16   Next: 12%
Magic:  0/22       EV: 11    Int:  5    God:    Okawaru [******]
Gold:   690        SH:  0    Dex: 12    Spells: 15/15 levels left

rFire   + . .        c - +7 great mace of the Extremely Mad {flame, rF+}
rCold   + . .        (shield currently unavailable)
rNeg    + . .        G - +1 chain mail of Duty {rPois rC+ Regen+}
rPois   +            s - +1 hat {SInv}
rElec   .            P - scarf {repulsion}
rCorr   +            E - +2 pair of gloves {Stlth+}
SInv    +            u - +2 pair of boots
Will    +....        L - amulet of guardian spirit Stlth
                     V - ring "Fumneud" {rN+ Str+6}
HPRegen 1.27/turn    D - ring of resist corrosion
MPRegen 0.18/turn

%: repel missiles, guardian spirit
@: about to teleport, studying Fighting, very slow
A: horns 2, retaliatory headbutt, iridescent scales 1
a: Renounce Religion, Heroism, Finesse, Duel


You were on level 4 of the Spider Nest.
You worshipped Okawaru.
Okawaru was exalted by your worship.
You visited 5 branches of the dungeon, and saw 24 of its levels.
You also visited: Sewer and Gauntlet.

You collected 2240 gold pieces.
You spent 1550 gold pieces at shops.

Inventory:

Hand Weapons
 a - a +1 flail of venom
 c - the +7 great mace of the Extremely Mad (weapon) {flame, rF+}
   (Okawaru gifted it to you on level 2 of the Spider Nest)

   rF:        It protects you from fire.
 d - a +5 dire flail of freezing
 C - a +2 dire flail of holy wrath
 N - a +1 whip of electrocution
Missiles
 g - 41 poisoned darts
 n - 15 silver javelins (quivered)
 t - a boomerang of dispersal
 F - 4 curare-tipped darts
 J - 16 atropa-tipped darts
 T - 7 javelins
 W - 2 boomerangs
 X - 2 silver boomerangs
Armour
 b - the +1 leather armour of Unreason {+Blink rElec rF+ rC+}
   (You found it on level 5 of the Dungeon)

   rF:        It protects you from fire.
   rC:        It protects you from cold.
   rElec:     It insulates you from electricity.
   +Blink:    It lets you blink.
 f - the +3 chain mail of Apathy {Rampage Regen+ Str+6 Stlth-}
   (Okawaru gifted it to you on level 2 of the Orcish Mines)

   Str:       It affects your strength (+6).
   Regen:     It increases your rate of health regeneration.
   Rampage:   It bestows one free step when moving towards enemies.
   Stlth:     It makes you less stealthy.
 l - the +0 hat of the Healing Gods {Will+}
   (Okawaru gifted it to you on level 5 of the Lair of Beasts)

   Will:      It increases your willpower.
 s - a +1 hat of see invisible (worn)
 u - a +2 pair of boots (worn)
 E - a +2 pair of gloves of stealth (worn)
 G - the +1 chain mail of Duty (worn) {rPois rC+ Regen+}
   (You took it off a kobold brigand on level 11 of the Dungeon)

   rC:        It protects you from cold.
   rPois:     It protects you from poison.
   Regen:     It increases your rate of health regeneration.
 P - a scarf of repulsion (worn)
 S - the +2 chain mail "Tonad" {rF++ Int-4 Dex+3 Stlth+}
   (You found it on level 8 of the Dungeon)

   Int:       It affects your intelligence (-4).
   Dex:       It affects your dexterity (+3).
   rF:        It greatly protects you from fire.
   Stlth:     It makes you more stealthy.
Jewellery
 D - a ring of resist corrosion (right hand)
 I - a ring of protection from cold
 L - an amulet of guardian spirit (around neck)
 R - a +4 ring of protection
 V - the ring "Fumneud" (left hand) {rN+ Str+6}
   (You found it in a Gauntlet)

   [ring of strength]

   Str:       It affects your strength (+6).
   rN:        It protects you from negative energy.
 Y - a ring of protection from fire
Wands
 v - a wand of mindburst (14)
 H - a wand of roots (25)
 M - a wand of polymorph (8)
 O - a wand of flame (14)
 U - a wand of light (7)
Scrolls
 j - 6 scrolls of fog
 p - 2 scrolls of silence
 r - a scroll of identify
 y - 8 scrolls of teleportation
 K - a scroll of magic mapping
 Q - 3 scrolls of blinking
Potions
 e - 3 potions of heal wounds
 h - 3 potions of resistance
 i - 10 potions of curing
 k - 13 potions of attraction
 m - 5 potions of flight
 o - 4 potions of lignification
 q - 6 potions of ambrosia
 w - 5 potions of cancellation
 x - 8 potions of invisibility
 z - 2 potions of haste
 A - 2 potions of might
 B - 2 potions of berserk rage


   Skills:
 + Level 19.7 Fighting
 - Level 20.0 Maces & Flails
 + Level 6.8 Throwing
 + Level 15.5 Armour
 + Level 3.5 Dodging
 + Level 6.3 Shields
 - Level 10.0 Invocations
 - Level 6.0 Evocations


You had 15 spell levels left.
You didn't know any spells.
Your spell library contained the following spells:

 Spells                   Type           Power      Damage    Failure   Level
 Apportation              Tloc           0%         N/A       78%         1
 Freeze                   Ice            0%         1d3       78%         1
 Magic Dart               Conj           0%         1d3       78%         1
 Necrotise                Necr           0%         1d4       78%         1
 Slow                     Hex            0%         N/A       78%         1
 Blink                    Tloc           0%         N/A       89%         2
 Cigotuvi's Dreadful Rot  Necr/Pois/Air  0%         N/A       89%         2
 Confusing Touch          Hex            0%         N/A       98%         3
 Frozen Ramparts          Ice            0%         1d1       98%         3
 Hailstorm                Conj/Ice       0%         3d3       98%         3
 Ignite Poison            Fire/Tmut/Pois 0%         N/A       98%         3
 Mephitic Cloud           Conj/Pois/Air  0%         N/A       98%         3
 Ozocubu's Armour         Ice            0%         N/A       98%         3
 Portal Projectile        Hex/Tloc       0%         N/A       98%         3
 Vampiric Draining        Necr           0%         2d6       98%         3
 Ice Form                 Ice/Tmut       0%         N/A       100%        4
 Leda's Liquefaction      Hex/Erth       0%         N/A       100%        4
 Manifold Assault         Tloc           0%         N/A       100%        4
 Passage of Golubria      Tloc           0%         N/A       100%        4
 Blade Hands              Tmut           0%         N/A       100%        5
 Freezing Cloud           Conj/Ice/Air   0%         6-21      100%        5
 Lee's Rapid Deconstruct  Erth           0%         3d4*      100%        5
 Metabolic Englaciation   Hex/Ice        0%         N/A       100%        5
 Silence                  Hex/Air        0%         N/A       100%        5
 Statue Form              Tmut/Erth      0%         N/A       100%        6
 Storm Form               Tmut/Air       0%         N/A       100%        7
 Borgnjor's Revivificati  Necr           0%         N/A       100%        8
 Lehudib's Crystal Spear  Conj/Erth      0%         10d2      100%        8
 Necromutation            Tmut/Necr      0%         N/A       100%        8
 Death's Door             Necr           0%         N/A       100%        9
 Summon Small Mammal      Summ           Unusable   N/A       N/A         1
 Call Imp                 Summ           Unusable   N/A       N/A         2
 Tukima's Dance           Hex            Unusable   N/A       N/A         3
 Summon Ice Beast         Ice/Summ       Unusable   N/A       N/A         4
 Simulacrum               Ice/Necr       Unusable   N/A       N/A         6

Dungeon Overview and Level Annotations

Branches:
Dungeon (12/15)            Temple (1/1) D:6            Lair (5/5) D:9
 Shoals (0/4) Lair:3       Spider (4/4) Lair:2        Slime (0/5) Lair:4
    Orc (2/2) D:11            Elf (0/3) Orc:2         Sewer (visited)
Gauntlet (visited)

Altars:
Cheibriados
Dithmenos
Fedhas
Hepliaklqana
Kikubaaqudgha
Makhleb
Nemelex Xobeh
Okawaru
Ru
Sif Muna
Trog
Uskayaw
Vehumet
Wu Jian
Yredelemnul
Zin
The Shining One
Jiyva

Shops:
D:12 *   Orc:2 =(:[*

Annotations:
D:2 1 runed translucent door, Crazy Yiuf
Lair:3 exclusions: downstairs and oklob plant


Innate Abilities, Weirdness & Mutations

You have a pair of horns on your head.
You reflexively headbutt those who attack you in melee.
You are partially covered in iridescent scales. (AC +2)


Message History

Unknown command.
You closely miss the spark wasp. Your headbutt misses the spark wasp.
The spark wasp is heavily wounded.
The wolf spider's soul is no longer bound.
The spark wasp stings you but does no damage.
The wolf spider hits you but does no damage.
The wolf spider bites you but does no damage.
Unknown command.
You crush the wolf spider like a grape!!!
You burn the wolf spider!!
You kill the wolf spider!
Okawaru accepts your kill.
The tarantella's soul is no longer bound.
The broodmother summons spiders!
The spark wasp stings you! The spark wasp shocks you!
You bump into the rock wall.
The spark wasp stings you! The spark wasp shocks you!
The broodmother bites you but does no damage.
The tarantella closely misses you. The spark wasp completely misses you.
Unknown command.
You feel better. The tarantella closely misses you. The broodmother bites you.
The spark wasp stings you!! The spark wasp shocks you!
* * * LOW HITPOINT WARNING * * *
The broodmother bites you but does no damage.
As you read the scroll of teleportation, it crumbles to dust.
You feel strangely unstable. The spark wasp stings you!!
* * * LOW HITPOINT WARNING * * *
The spark wasp shocks you!
* * * LOW HITPOINT WARNING * * *
The redback barely misses you.
The broodmother bites you but does no damage.
The spark wasp barely misses you.
You feel much better.
The redback bites you but does no damage.
The broodmother bites you!!
* * * LOW HITPOINT WARNING * * *
The spark wasp stings you.
* * * LOW HITPOINT WARNING * * *
The spark wasp shocks you!
You die...

..##.# .....###
.......#####
#....##..#.##
..^#........##
..††.#...#...#
.#^#..!.#..<.##
#.....^.#^....####### #
.#.#.#..#^#...^#@y#°#.#..
..^..^.#.#....sss#wZ....#
...#.#.......s..ws....~.#
.#.......#.....#ss#.#.#..
#......#......##### # #
...#^#.#.....##
...#........^#
.#.#.^....#.##
...#<#.#...##


You could see a broodmother, 2 steelbarb worms, a spark wasp, a wolf spider, 3
orb spiders, a tarantella, a redback (summoned) and a jumping spider simulacrum.

Vanquished Creatures
  Rupert (Lair:4)
  Agnes (Spider:2)
  An orc warlord (Orc:2)
  A broodmother (Spider:3)
  A minotaur (Gauntlet)
  4 hydras
  4 entropy weavers
  Fannar (Orc:1)
  2 radroaches (Spider:1)
  3 two-headed ogres
  3 boulder beetles
  3 catoblepae (Lair:5)
  9 death yaks (Lair:5)
  Urug (Lair:1)
  An orc high priest (Orc:2)
  Amaemon (Lair:1)
  4 skeletal warriors (D:11)
  2 skysharks
  10 pharaoh ants
  3 sun moths
  5 orb spiders
  A steelbarb worm (Spider:1)
  A wizard (D:11)
  6 orc knights
  13 wolf spiders
  3 manticores
  8 orc sorcerers
  A cyclops (D:11)
  2 moths of wrath
  21 elephants
  4 black mambas
  A merfolk siren (Lair:3)
  An orange demon (Lair:1)
  2 gargoyles
  5 demonic crawlers
  A torpor snail (Spider:4)
  3 rime drakes
  17 cane toads
  4 komodo dragons
  An unseen horror (D:7)
  2 minotaur zombies (Gauntlet)
  5 trolls
  3 meliai (Gauntlet)
  A hornet (D:9)
  3 merfolk (Lair:3)
  2 polar bears
  A tyrant leech (Gauntlet)
  7 blink frogs
  17 tarantellas
  9 dream sheep (Lair:5)
  33 jumping spiders
  9 culicivoras
  49 yaks
  5 shadows
  4 wyverns
  A wraith (D:12)
  A water elemental (D:12)
  A steam dragon (D:8)
  3 basilisks
  54 redbacks
  Edmund (D:4)
  2 vampire mosquitoes (D:9)
  3 swamp worms (Gauntlet)
  5 wargs
  An acid dragon (D:12)
  14 water moccasins
  An ice beast (D:4)
  2 sky beasts
  2 black bears
  26 orc warriors
  13 wolves
  6 ogres
  5 centaurs
  3 phantoms
  3 kobold brigands
  14 bullfrogs
  A gnoll sergeant (Orc:2)
  3 scorpions
  11 howler monkeys
  7 electric eels
  A lava snake (Lair:4)
  11 orc priests
  7 hounds
  5 jellies
  7 iguanas
  2 sleepcaps
  4 hell rats (Lair:1)
  24 orc wizards
  13 gnolls
  7 adders
  8 river rats (Sewer)
  A shadow imp (D:7)
  A white imp (D:6)
  An ufetubus (D:4)
  5 dart slugs
  72 orcs
  23 ball pythons
  7 endoplasms
  2 giant cockroaches
  4 goblins
  8 hobgoblins
  11 jackals
  2 quokkas
  8 bats
  5 frilled lizards
  23 kobolds
  29 rats
780 creatures vanquished.

Vanquished Creatures (others)
  A wolf (D:9)
  An orc wizard (Orc:2)
2 creatures vanquished.

Grand Total: 782 creatures vanquished

Notes
Turn   | Place    | Note
-------+----------+-------------------------------------------
     0 | D:1      | lordvenom1 the Minotaur Fighter began the quest for the
                  | Orb.
     0 | D:1      | Reached XP level 1. HP: 19/19 MP: 0/0
   154 | D:1      | Reached XP level 2. HP: 27/27 MP: 1/1
   873 | D:2      | Reached XP level 3. HP: 33/33 MP: 2/2
   949 | D:2      | Reached skill level 3 in Maces & Flails
  1086 | D:2      | Found a faded altar of an unknown god.
  1538 | D:2      | Reached XP level 4. HP: 36/40 MP: 3/3
  1662 | D:2      | Found a runed translucent door.
  1663 | D:2      | Noticed Crazy Yiuf
  2023 | D:3      | Reached skill level 4 in Maces & Flails
  2199 | D:3      | Reached skill level 1 in Dodging
  2199 | D:3      | Reached XP level 5. HP: 41/46 MP: 4/4
  2428 | D:4      | Reached skill level 5 in Maces & Flails
  2428 | D:4      | Reached skill level 1 in Throwing
  2430 | D:4      | Noticed an ogre
  2514 | D:4      | Noticed an ice beast
  2545 | D:4      | Killed an ice beast
  2546 | D:4      | Reached skill level 5 in Armour
  2546 | D:4      | Reached XP level 6. HP: 46/53 MP: 5/5
  2656 | D:4      | Found an ornate altar of the Wu Jian Council.
  2732 | D:4      | Found a sparkling altar of Nemelex Xobeh.
  2758 | D:4      | Noticed Edmund
  2774 | D:4      | Killed Edmund
  2775 | D:4      | Reached skill level 5 in Shields
  2775 | D:4      | Reached XP level 7. HP: 19/60 MP: 6/6
  2901 | D:4      | Reached skill level 5 in Fighting
  2901 | D:4      | Reached skill level 1 in Evocations
  2952 | D:4      | Reached skill level 6 in Maces & Flails
  3173 | D:5      | Entered Level 5 of the Dungeon
  3187 | D:5      | Found a glowing drain.
  3214 | Sewer    | Entered a sewer
  3755 | D:5      | Noticed a yak
  3761 | D:5      | Killed a yak
  3762 | D:5      | Reached skill level 7 in Maces & Flails
  3762 | D:5      | Reached XP level 8. HP: 69/70 MP: 7/7
  3921 | D:5      | Identified the +1 leather armour of Unreason {+Blink rElec
                  | rF+ rC+}
  4037 | D:5      | Reached skill level 8 in Maces & Flails
  4173 | D:5      | Found a hazy altar of Hepliaklqana.
  4412 | D:6      | Found a staircase to the Ecumenical Temple.
  4478 | Temple   | Entered the Ecumenical Temple
  4482 | Temple   | Became a worshipper of Warmaster Okawaru
  4519 | D:6      | Reached XP level 9. HP: 57/78 MP: 8/8
  4717 | D:6      | Found a blossoming altar of Fedhas.
  5000 | D:7      | Found a radiant altar of Vehumet.
  5068 | D:7      | Killed an unseen horror
  5069 | D:7      | Reached skill level 9 in Maces & Flails
  5095 | D:7      | Reached * piety under Okawaru
  5256 | D:7      | Noticed a two-headed ogre
  5260 | D:7      | Killed a two-headed ogre
  5260 | D:7      | Reached ** piety under Okawaru
  5261 | D:7      | Reached skill level 10 in Maces & Flails
  5261 | D:7      | Reached skill level 5 in Throwing
  5261 | D:7      | Reached skill level 1 in Invocations
  6241 | D:8      | Noticed a two-headed ogre
  6250 | D:8      | Killed a two-headed ogre
  6250 | D:8      | Reached *** piety under Okawaru
  6251 | D:8      | Reached XP level 10. HP: 50/88 MP: 10/10
  6354 | D:8      | Identified the +1 hand axe of Cowofuv {heavy, SInv}
  6888 | D:8      | Identified the +2 chain mail "Tonad" {rF++ Int-4 Dex+3
                  | Stlth+}
  7107 | D:9      | Reached skill level 11 in Maces & Flails
  7120 | D:9      | Reached skill level 5 in Evocations
  7130 | D:9      | Reached **** piety under Okawaru
  7839 | D:9      | Found a shimmering blue altar of Sif Muna.
  7911 | D:9      | Found a staircase to the Lair.
  8002 | D:9      | Found a hide-covered altar of Uskayaw.
  8483 | D:10     | Entered Level 10 of the Dungeon
  8540 | D:10     | Reached skill level 12 in Maces & Flails
  8620 | D:10     | Noticed a gargoyle
  8827 | D:10     | Found a snail-covered altar of Cheibriados.
  9013 | D:11     | Received a gift from Okawaru
  9048 | D:11     | Found a gate leading to a gauntlet.
  9057 | Gauntlet | Entered a Gauntlet
  9057 | Gauntlet | Found a transporter.
  9063 | Gauntlet | Noticed a ghost crab
  9066 | Gauntlet | Found a transporter.
  9071 | Gauntlet | Found a transporter.
  9072 | Gauntlet | Found a transporter.
  9075 | Gauntlet | Found a transporter.
  9075 | Gauntlet | Found a transporter.
  9075 | Gauntlet | Noticed a blizzard demon
  9084 | Gauntlet | Found a transporter.
  9100 | Gauntlet | Found a transporter.
  9103 | Gauntlet | Noticed a hell hog
  9117 | Gauntlet | Found a transporter.
  9121 | Gauntlet | Found a transporter.
  9124 | Gauntlet | Noticed a wretched star
  9129 | Gauntlet | Found a transporter.
  9166 | Gauntlet | Reached ***** piety under Okawaru
  9166 | Gauntlet | Received a gift from Okawaru
  9167 | Gauntlet | Reached XP level 11. HP: 40/97 MP: 13/13
  9176 | Gauntlet | Identified the ring "Fumneud" {rN+ Str+6}
  9536 | Gauntlet | Noticed a minotaur
  9545 | Gauntlet | Killed a minotaur
  9556 | Gauntlet | Identified the +2 spear "Killer Klown's Death" {venom,
                  | rElec rC+}
  9556 | Gauntlet | Identified the +3 dagger of Katazinuor {heavy, rPois}
  9729 | Gauntlet | Reached skill level 5 in Invocations
 10092 | D:11     | Found a staircase to the Orcish Mines.
 10107 | D:11     | Received a gift from Okawaru
 10108 | D:11     | Reached skill level 13 in Maces & Flails
 10220 | D:11     | Identified the +1 chain mail of Duty {rPois rC+ Regen+}
 10512 | D:11     | Noticed a skeletal warrior
 10512 | D:11     | Noticed a skeletal warrior
 10631 | D:12     | Received a gift from Okawaru
 10632 | D:12     | Reached skill level 10 in Fighting
 10755 | D:12     | Noticed a two-headed ogre
 10766 | D:12     | Killed a two-headed ogre
 10767 | D:12     | Reached skill level 14 in Maces & Flails
 10879 | D:12     | Found a bloodstained altar of Trog.
 10994 | D:12     | Noticed a boulder beetle
 11002 | D:12     | Killed a boulder beetle
 11048 | D:12     | Found Ozxaso Koja's General Store.
 11138 | D:12     | Bought a scroll of teleportation for 36 gold pieces
 11138 | D:12     | Bought a scroll of enchant weapon for 90 gold pieces
 11138 | D:12     | Bought a scroll of identify for 24 gold pieces
 11387 | Lair:1   | Entered Level 1 of the Lair of Beasts
 11416 | Lair:1   | Identified the +1 scale mail "Rumae" {-Cast rPois Dex+3}
                  | (Okawaru gifted it to you on level 1 of the Lair of Beasts)
 11416 | Lair:1   | Received a gift from Okawaru
 11488 | Lair:1   | Reached XP level 12. HP: 99/106 MP: 16/16
 11941 | Lair:1   | Identified the +2 cloak of Inference {rPois Dex+3}
 11950 | Lair:1   | Noticed Amaemon
 11961 | Lair:1   | Killed Amaemon
 11962 | Lair:1   | Reached skill level 10 in Armour
 12160 | Lair:1   | Noticed Urug
 12170 | Lair:1   | Killed Urug
 12581 | Lair:2   | Reached skill level 10 in Invocations
 12643 | Lair:2   | Found a hole to the Spider Nest.
 13318 | Lair:3   | Found a basalt altar of Yredelemnul.
 13405 | Lair:3   | Received a gift from Okawaru
 13411 | Lair:3   | Reached skill level 15 in Maces & Flails
 13484 | Lair:3   | Found a staircase to the Shoals.
 13522 | Lair:3   | Reached XP level 13. HP: 82/115 MP: 19/19
 13537 | Lair:3   | Received a gift from Okawaru
 13811 | Lair:3   | Received a gift from Okawaru
 14325 | Lair:4   | Reached skill level 16 in Maces & Flails
 14330 | Lair:4   | Noticed Rupert
 14504 | Lair:4   | Found a viscous altar of Jiyva.
 14525 | Lair:4   | Found a staircase to the Slime Pits.
 14592 | Lair:4   | Paralysed by Rupert for 2 turns
 14597 | Lair:4   | Killed Rupert
 15207 | Lair:5   | Entered Level 5 of the Lair of Beasts
 15312 | Lair:5   | Received a gift from Okawaru
 15472 | Lair:5   | Reached XP level 14. HP: 129/129 MP: 20/20
 15682 | Lair:5   | Reached ****** piety under Okawaru
 15691 | Lair:5   | Identified the +0 hat of the Healing Gods {Will+} (Okawaru
                  | gifted it to you on level 5 of the Lair of Beasts)
 15691 | Lair:5   | Received a gift from Okawaru
 15873 | Lair:5   | Reached skill level 17 in Maces & Flails
 15920 | Lair:5   | Reached skill level 15 in Armour
 16103 | Lair:5   | Found a shimmering blue altar of Sif Muna.
 16520 | Orc:1    | Entered Level 1 of the Orcish Mines
 16639 | Orc:2    | Entered Level 2 of the Orcish Mines
 16639 | Orc:2    | Found Myvon's Antique Weapon Shop.
 16639 | Orc:2    | Found Pogu's Jewellery Shoppe.
 16929 | Orc:2    | Bought a runed flail for 182 gold pieces
 16929 | Orc:2    | Bought a runed whip for 154 gold pieces
 16945 | Orc:2    | Bought a ring of protection from fire for 350 gold pieces
 17032 | Orc:2    | Found a staircase to the Elven Halls.
 17073 | Orc:2    | Noticed an orc warlord
 17101 | Orc:2    | Gained mutation: You are partially covered in iridescent
                  | scales. (AC +2) [a neqoxec]
 17305 | Orc:2    | Reached skill level 18 in Maces & Flails
 17327 | Orc:2    | Identified the +3 chain mail of Apathy {Rampage Regen+
                  | Str+6 Stlth-} (Okawaru gifted it to you on level 2 of the
                  | Orcish Mines)
 17327 | Orc:2    | Received a gift from Okawaru
 17328 | Orc:2    | Reached skill level 15 in Fighting
 17393 | Orc:2    | Found Veilin's Antique Armour Emporium.
 17420 | Orc:2    | Found Roicolyrr's Book Shop.
 17444 | Orc:2    | Found Wowkyor's General Store.
 17480 | Orc:2    | Killed an orc warlord
 17581 | Orc:2    | Bought a scroll of enchant weapon for 90 gold pieces
 17581 | Orc:2    | Bought a scroll of acquirement for 624 gold pieces
 17581 | Orc:2    | Acquired a manual of Fighting
 18038 | Orc:1    | Noticed Fannar
 18063 | Orc:1    | Killed Fannar
 18367 | D:11     | Reached XP level 15. HP: 130/143 MP: 18/21
 18604 | Spider:1 | Entered Level 1 of the Spider Nest
 19105 | Spider:1 | Reached skill level 19 in Maces & Flails
 19785 | Spider:2 | Identified the +7 great mace of the Extremely Mad {flame,
                  | rF+} (Okawaru gifted it to you on level 2 of the Spider
                  | Nest)
 19785 | Spider:2 | Received a gift from Okawaru
 20240 | Spider:2 | Identified the +2 battleaxe "Laradenk" {flame, Fragile MP+9
                  | Int+5 Dex-5}
 20274 | Spider:2 | Noticed Agnes
 20281 | Spider:2 | Killed Agnes
 20506 | Spider:3 | Reached skill level 20 in Maces & Flails
 21043 | Spider:3 | Received a gift from Okawaru
 21339 | Spider:3 | Received a gift from Okawaru
 21953 | Spider:4 | Entered Level 4 of the Spider Nest
 22052 | Spider:4 | Received a gift from Okawaru
 22077 | Spider:4 | Identified the +4 scale mail of Sloth {Dex+3 Stlth+}
 22219 | Spider:4 | Reached XP level 16. HP: 161/161 MP: 22/22
 22412 | Spider:4 | HP: 6/162 [spark wasp (5)]
 22412 | Spider:4 | Slain by a spark wasp

Illustrated notes

Levels and vault maps discovered:
D:1:      lightli_arrival_flooded_house, layout_loops_ring,
          minmay_misc_feat_hallway
D:2:      layout_basic, dreamdust_ecumenical_altar_angels_and_demons,
          uniq_crazy_yiuf_cottage
D:3:      layout_loops_ring, serial_glass, glass_columns_c, glass_columns_b,
          glass_columns_a, glass_columns_a, due_unseen_surprise,
          item_on_display_a, item_on_display_a
D:4:      layout_cave_pools, marbit_many_paths,
          mainiacjoe_overflow_concentric_impassable, uniq_edmund
D:5:      layout_rooms, lemuel_coloured_pillars_altar,
          cheibrodos_sewer_entry_sluice
D:6:      layout_basic, fedhas_altar_1, minmay_temple_entry_arrows
D:7:      layout_basic, mainiacjoe_overflow_tiny_flanked,
          nicolae_figureground_sparkle
D:8:      layout_basic
D:9:      layout_basic, kennysheep_mini_moat, lemuel_tele_altar,
          erik_lair_island
D:10:     layout_rooms, kennysheep_slug_shrine
D:11:     layout_long_grid, david_orc_5, gauntlet_entry_generic
D:12:     layout_basic, serial_shops, nicolae_inconvenience_store,
          trog_butcher_becter
Temple:   nicolae_temple_bog_church
Lair:1:   layout_cave_pods, nicolae_lair_lil_pond, serial_bayou_shore_a,
          grunt_megastairs_1, uniq_amaemon, uniq_urug
Lair:2:   layout_gridlike, nicolae_spider_entry_lesser_pyramids,
          beast_lair_carwin_3
Lair:3:   layout_regular_city, elwin_shoals_entry_stream, lemuel_oklob_altar
Lair:4:   layout_gridlike, nicolae_slime_entry_field_trip,
          chequers_serial_rivers_micro_c, serial_bayou_shore_b, uniq_rupert
Lair:5:   evilmike_catoblepas_cave, layout_cave_shapes, basic_altar,
          grunt_megastairs_4, lemuel_fruit_fields
Spider:1: layout_cave_pods
Spider:2: layout_spider_delve, guppyfry_spider_mini_3, uniq_agnes
Spider:3: layout_chambers, nicolae_spider_webs_and_nodes,
          nicolae_spider_spiderdrome
Spider:4: guppyfry_spider_rune
Orc:1:    layout_caves, uniq_fannar
Orc:2:    grunt_orc_gardens, layout_diamond_mine, grunt_orc_garden,
          grunt_orc_garden, grunt_orc_garden, grunt_orc_garden, serial_shops,
          shop, guppyfry_library_mini

Skill      XL: |  1  2  3  4  5  6  7  8  9 10 11 12 13 14 15 16 |
---------------+-------------------------------------------------+-----
Armour         | 4 5 6 7 9 10 13 15 | 15.5
Shields        | 4 5 6 |  6.3
Fighting       | 4 5 6 7 9 10 13 15 19 | 19.7
Maces & Flails | 3 4 5 7 8 10 12 14 15 16 18 20 | 20.0
Dodging        | 1 2 3 |  3.5
Throwing       | 1 2 4 5 6 |  6.8
Evocations     | 2 3 4 5 6 |  6.0
Invocations    | 2 4 7 10 | 10.0

Action                     |  1- 3 |  4- 6 |  7- 9 | 10-12 | 13-15 | 16-18 || total
---------------------------+-------+-------+-------+-------+-------+-------++-------
  Melee: Flail             |    95 |   165 |     7 |       |       |       ||   267
         Headbutt          |    10 |    35 |    42 |   102 |   243 |     9 ||   441
         Dire flail        |       |       |   227 |   543 |   698 |       ||  1468
         Great mace        |       |       |       |       |   352 |    43 ||   395
  Throw: Dart              |       |       |    17 |    18 |     2 |       ||    37
         Javelin           |       |       |       |     8 |    14 |       ||    22
         Throwing net      |       |       |       |       |     2 |       ||     2
 Invoke: Finesse           |       |       |       |     4 |     3 |       ||     7
         Heroism           |       |       |       |     2 |     1 |       ||     3
  Evoke: Wand              |       |       |       |     1 |     2 |       ||     3
    Use: Scroll            |     6 |     1 |     9 |    15 |     7 |     1 ||    39
         Potion            |       |     1 |       |     4 |     1 |     2 ||     8
   Stab: Distracted        |       |       |       |     1 |       |       ||     1
         Held in net/web   |       |       |       |       |     2 |       ||     2
         Petrified         |       |       |       |       |     7 |       ||     7
         Invisible         |       |       |       |       |     2 |       ||     2
 Armour: Scale mail        |    45 |     1 |       |       |       |       ||    46
         Chain mail        |       |    58 |   182 |   217 |   636 |    55 ||  1148
         Leather armour    |       |       |       |    37 |       |       ||    37
  Dodge: Dodged            |    43 |    44 |   114 |   225 |   485 |    30 ||   941
         Repelled          |       |       |       |     4 |     6 |       ||    10
  Block: Buckler           |    40 |    32 |     2 |       |       |       ||    74
